 Dungeon Crawl Stone Soup version 0.30-a0-313-gae38170b09 (webtiles) character file.

Game seed: 5500807633374770092

3869 Babtu the Cleaver (level 10, 0/96 HPs)
             Began as a Hill Orc Fighter on Oct 26, 2022.
             Was a Believer of Trog.
             Slain by an orc warrior
             ... wielding a +2 mace of holy wrath
              (10 damage)
             ... on level 8 of the Dungeon.
             The game lasted 00:34:18 (14195 turns).

Babtu the Cleaver (Hill Orc Fighter)               Turns: 14195, Time: 00:34:18

Health: 0/96       AC: 16    Str: 22    XL:     10   Next: 19%
Magic:  9/9        EV:  6    Int:  8    God:    Trog [**....]
Gold:   135        SH:  0    Dex: 12    Spells: 9/9 levels left

rFire   + . .      SeeInvis .    a - +3 war axe (freeze)
rCold   . . .      Faith    .    c - +0 buckler
rNeg    . . .      Spirit   .    l - +0 plate armour
rPois   .          Reflect  .    m - +0 helmet
rElec   .          Harm     .    (no cloak)
rCorr   .          Rampage  .    k - +0 pair of gloves
Will    .....                    (no boots)
Stlth   ..........               (no amulet)
HPRegen 0.36/turn                (no ring)
MPRegen 0.11/turn                (no ring)

@: confused, studying Short Blades
A: fire resistance 1, low MP 1, robust 1
a: Renounce Religion, Berserk, Trog's Hand


You were on level 8 of the Dungeon.
You worshipped Trog.
Trog was pleased with you.
You visited 1 branch of the dungeon, and saw 9 of its levels.

You collected 380 gold pieces.
You spent 245 gold pieces at shops.

Inventory:

Hand Weapons
 a - a +3 war axe of freezing (weapon)
 h - the +11 dagger "Giantslayer" {protect, Int+4}
   (You found it on level 7 of the Dungeon)

   It grants its wielder temporary protection when it strikes (+7 to AC).
   Int:       It affects your intelligence (+4).
 t - the +7 spear of Cruel Justice {speed, rN++ Will- Str+4 Stlth+}
   (You found it on level 4 of the Dungeon)

   Attacks with this weapon are significantly faster.
   Str:       It affects your strength (+4).
   rN:        It greatly protects you from negative energy.
   Will:      It decreases your willpower.
   Stlth:     It makes you more stealthy.
Missiles
 x - a throwing net
 E - a curare-tipped dart
Armour
 c - a +0 buckler (worn)
 k - a +0 pair of gloves (worn)
 l - a +0 plate armour (worn)
 m - a +0 helmet (worn)
Wands
 u - a wand of mindburst (9)
 v - a wand of flame (8) (quivered)
 A - a wand of paralysis (4)
Scrolls
 d - a scroll of summoning {unknown}
 n - a scroll of amnesia
 o - 3 scrolls of butterflies
 s - 2 scrolls of brand weapon
 y - 2 scrolls of teleportation
 z - 3 scrolls of identify
Potions
 b - 2 potions of lignification {unknown}
 e - a potion of magic
 f - 2 potions of flight {unknown}
 g - 5 potions of attraction {unknown}
 i - 2 potions of mutation
 j - 3 potions of curing {unknown}
 p - a potion of resistance {unknown}
 q - a potion of ambrosia {unknown}
 r - 2 potions of brilliance
 w - 2 potions of degeneration {unknown}
 B - a potion of haste {unknown}
 C - a potion of cancellation {unknown}
 D - 2 potions of might


   Skills:
 + Level 8.2 Fighting
 + Level 2.3 Short Blades
 * Level 11.5 Axes
 + Level 7.4 Armour
 + Level 7.4 Shields
 * Level 3.5 Evocations


You had 9 spell levels left.
You didn't know any spells.
Your spell library contained the following spells:

 Spells                   Type           Power      Damage    Failure   Level
 Foxfire                  Conj/Fire      0%         2x1d4     100%        1
 Inner Flame              Hex/Fire       0%         N/A       100%        3
 Portal Projectile        Hex/Tloc       0%         N/A       100%        3
 Stone Arrow              Conj/Erth      0%         3d7       100%        3
 Sticky Flame             Conj/Fire      0%         2d3       100%        4


Dungeon Overview and Level Annotations

Branches:
Dungeon (9/15)             Temple (0/1) D:5
   Lair: D:8-11         Orc: D:9-12

Altars:
Makhleb
Nemelex Xobeh
Trog

Shops:
D:5 ?   D:8 (


Innate Abilities, Weirdness & Mutations

Your flesh is heat resistant. (rF+)
Your magical capacity is low. (-10% MP)
You are robust. (+10% HP)


Message History

Trog accepts your kill.
You hit something. You freeze something.
You hit the orc warrior but do no damage.
You slash the orc warrior! You freeze the orc warrior.
You closely miss the orc.
The orc warrior hits you with a +0 hand axe!
* * * LOW HITPOINT WARNING * * *
The orc warrior hits you but does no damage.
The orc hits you but does no damage.
You hear some strange, mumbled words.
You are more confused.
You barely miss the orc warrior.
The orc warrior is heavily wounded.
You closely miss the orc warrior. You hit the orc. You freeze the orc.
You miss something.
The orc warrior hits you but does no damage. x2
The orc hits you but does no damage. Something hits you but does no damage.
You slash the orc warrior! You freeze the orc warrior.
You kill the orc warrior!
Trog accepts your kill.
You barely miss something. You slash the orc warrior!
You freeze the orc warrior. You hit the orc. You freeze the orc.
You kill the orc!
Trog accepts your kill.
The orc warrior hits you with a +2 mace of holy wrath.
* * * LOW HITPOINT WARNING * * *
Something hits you but does no damage.
You hit the orc warrior. You freeze the orc warrior.
The orc warrior is almost dead.
You miss something.
The orc warrior hits you with a +2 mace of holy wrath!
* * * LOW HITPOINT WARNING * * *
You hear some strange, mumbled words.
A puff of flame appears from out of thin air!
The puff of flame hits you but does no damage.
You closely miss the orc warrior.
The orc warrior is almost dead.
You closely miss something.
The orc warrior hits you with a +2 mace of holy wrath!
You die...

...#....#...'.......#...##.#.....
........#...#..#.#..#.####.#..##.
..#......####..#.#....##(..#.....
..........###..#+#..####.###....#
...##...#....)...........# ####..
....'...#####[.....####### ###
...##..)# #........#
...##.[.#######o)..#.#
.....<#........)@)...# ####
#######.....<..)){#### #...
#...........# #[#. #########...#
#.#. #...####### #.## #.........#
#.#< #.........# #.#) #.........#
#... #.........# ###.


You could see an orc warrior.

Vanquished Creatures
  Erica (D:8)
  Maggie (D:6)
  A wraith (D:8)
  2 water moccasins
  2 orc warriors (D:8)
  2 sky beasts (D:7)
  3 black bears
  An ogre (D:6)
  A phantom (D:5)
  3 kobold brigands
  2 bullfrogs
  2 necrophages
  A scorpion (D:5)
  8 wights
  An electric eel (D:8)
  A howler monkey (D:4)
  4 hounds
  3 jellies
  3 gnoll boudas
  3 iguanas
  Natasha (twice) (D:3)
  4 orc wizards (D:8)
  Robin (D:2)
  7 adders
  13 gnolls
  2 shadow imps
  A white imp (D:6)
  2 ufetubi
  3 dart slugs
  6 orcs
  3 ball pythons
  6 bats
  6 endoplasms
  3 giant cockroaches
  16 goblins
  9 hobgoblins
  2 jackals (D:1)
  17 kobolds
  3 quokkas
  A frilled lizard (D:2)
  8 rats
160 creatures vanquished.

Vanquished Creatures (others)
  10 plants
10 creatures vanquished.

Grand Total: 170 creatures vanquished

Notes
Turn   | Place    | Note
-------+----------+-------------------------------------------
     0 | D:1      | Babtu the Hill Orc Fighter began the quest for the Orb.
     0 | D:1      | Reached XP level 1. HP: 19/19 MP: 1/1
    57 | D:1      | Reached skill level 3 in Axes
    99 | D:1      | Reached XP level 2. HP: 21/27 MP: 2/2
   153 | D:1      | Got the Book of Combat Magic and Beguiling
   245 | D:1      | Found a faded altar of an unknown god.
   579 | D:1      | Reached XP level 3. HP: 32/33 MP: 3/3
  1042 | D:2      | Found a bloodstained altar of Trog.
  1205 | D:2      | Noticed Robin
  1208 | D:2      | Reached skill level 4 in Axes
  1215 | D:2      | Killed Robin
  1216 | D:2      | Reached XP level 4. HP: 19/40 MP: 4/4
  2091 | D:2      | Became a worshipper of Trog the Wrathful
  2486 | D:3      | Noticed Natasha
  2492 | D:3      | Killed Natasha
  2493 | D:3      | Reached XP level 5. HP: 42/47 MP: 5/5
  2624 | D:3      | Noticed Natasha
  2641 | D:3      | Killed Natasha
  2695 | D:3      | Reached skill level 5 in Axes
  2761 | D:3      | Found a burning altar of Makhleb.
  2761 | D:3      | Noticed a green death
  2982 | D:4      | Reached * piety under Trog
  3088 | D:4      | Reached XP level 6. HP: 32/55 MP: 6/6
  3430 | D:4      | Reached skill level 5 in Fighting
  3580 | D:4      | Reached skill level 6 in Axes
  3659 | D:4      | Identified the +7 spear of Cruel Justice {speed, rN++ Will-
                  | Str+4 Stlth+}
  3806 | D:4      | Noticed a black bear
  3812 | D:4      | Killed a black bear
  3813 | D:4      | Reached XP level 7. HP: 57/61 MP: 7/7
  4081 | D:5      | Entered Level 5 of the Dungeon
  4304 | D:5      | Reached skill level 5 in Armour
  4304 | D:5      | Reached skill level 5 in Shields
  8182 | D:5      | Found Lirastro's Magic Scroll Shoppe.
  8185 | D:5      | Bought a scroll of identify for 28 gold pieces
  8185 | D:5      | Bought a scroll of identify for 28 gold pieces
  8185 | D:5      | Bought a scroll of identify for 28 gold pieces
  8185 | D:5      | Bought a scroll of identify for 28 gold pieces
  8189 | D:5      | Bought a scroll of brand weapon for 133 gold pieces
  8239 | D:5      | Reached skill level 7 in Axes
  8461 | D:6      | Reached XP level 8. HP: 42/70 MP: 8/8
  8579 | D:5      | Reached skill level 8 in Axes
  8974 | D:5      | Found a staircase to the Ecumenical Temple.
  9191 | D:6      | Noticed Maggie
  9592 | D:5      | Gained mutation: Potions are less effective at restoring
                  | your health. [potion of mutation]
  9592 | D:5      | Gained mutation: You have hidden genetic defects. [potion
                  | of mutation]
  9592 | D:5      | Gained mutation: You possess an exceptional clarity of
                  | mind. [potion of mutation]
  9593 | D:5      | Lost mutation: You have hidden genetic defects. [potion of
                  | mutation]
  9593 | D:5      | Lost mutation: You possess an exceptional clarity of mind.
                  | [potion of mutation]
  9593 | D:5      | Lost mutation: Potions are less effective at restoring your
                  | health. [potion of mutation]
  9593 | D:5      | Gained mutation: Your magical capacity is low. (-10% MP)
                  | [potion of mutation]
  9593 | D:5      | Gained mutation: You are robust. (+10% HP) [potion of
                  | mutation]
  9593 | D:5      | Gained mutation: Your flesh is heat resistant. (rF+)
                  | [potion of mutation]
  9673 | D:6      | Reached skill level 9 in Axes
 10109 | D:6      | Killed Maggie
 10110 | D:6      | Reached XP level 9. HP: 84/86 MP: 8/8
 10283 | D:6      | Reached skill level 10 in Axes
 10501 | D:6      | Found a sparkling altar of Nemelex Xobeh.
 10675 | D:7      | Identified the +11 dagger "Giantslayer" {protect, Int+4}
 12144 | D:7      | HP: 1/86 [electric eel/bolt of electricity (10)]
 12668 | D:7      | Reached skill level 1 in Evocations
 12805 | D:8      | Reached skill level 1 in Short Blades
 12915 | D:8      | Noticed Erica
 12926 | D:8      | Killed Erica
 12927 | D:8      | Reached skill level 11 in Axes
 12927 | D:8      | Reached XP level 10. HP: 41/96 MP: 9/9
 13440 | D:8      | Found Rogea's Weapon Emporium.
 13559 | D:8      | Reached ** piety under Trog
 14195 | D:8      | Slain by an orc warrior

Illustrated notes

Levels and vault maps discovered:
D:1:      dpeg_arrival_rhombus, layout_rooms,
          shapermc_ecumenical_altar_mp_ritualfount
D:2:      layout_loops_corners, basic_altar, uniq_robin
D:3:      layout_loops_cross, makhleb_altar_promises_db, uniq_natasha
D:4:      layout_gridville
D:5:      layout_loops_cross, minmay_temple_entry_fiery, serial_shops,
          nicolae_shop_window_shopping
D:6:      layout_gridville, mainiacjoe_overflow_six_doors_small, minivault_4,
          minmay_misc_feat_enclosed, uniq_maggie
D:7:      layout_basic, chequers_big_river, grunt_ogre_cave
D:8:      statuecave_lemuel, layout_basic, serial_shops,
          nicolae_shop_bloodbath_and_beyond, enter_bailey_3,
          minmay_manual_monstrance, uniq_erica
D:9:      layout_big_octagon, nicolae_overflow_hallway_of_the_gods,
          nicolae_wu_jian_immortal_techniques, serial_column_ruins,
          column_ruins_hut, column_ruins_open_small,
          column_ruins_columns_corner, column_ruins_grid_3

Skill      XL: |  1  2  3  4  5  6  7  8  9 10 |
---------------+-------------------------------+-----
Axes           | 3 4 5 6 7 9 11 | 11.5
Fighting       | 4 5 6 7 8 |  8.2
Armour         | 4 5 6 7 |  7.4
Shields        | 4 5 6 7 |  7.4
Evocations     | 3 |  3.5
Short Blades   | 1 2 |  2.3

Action                   |  1- 3 |  4- 6 |  7- 9 | 10-12 || total
-------------------------+-------+-------+-------+-------++-------
Melee: War axe           |   116 |   133 |   238 |    57 ||   544
Throw: Dart              |       |       |    14 |       ||    14
  Use: Potion            |     1 |     1 |     6 |       ||     8
       Scroll            |       |     2 |    11 |       ||    13
Armor: Scale mail        |    53 |     8 |       |       ||    61
       Plate armour      |       |    81 |   193 |    59 ||   333
Dodge: Dodged            |    41 |    45 |    77 |    17 ||   180
Block: Buckler           |    21 |    28 |    72 |    15 ||   136

Table legend: (Time is in decaauts)
 A = Elapsed time spent in this place.
 B = Non-inter-level travel time spent in this place.
 C = Inter-level travel time spent in this place.
 D = Time resting spent in this place.
 E = Time spent auto-exploring this place.
 F = Levels seen in this place.
 G = Mean time per level.
                   A        B        C        D        E       F      G
               +--------+--------+--------+--------+--------+-----+--------+
         Total |  14341 |  13757 |    584 |   7200 |   4634 |   9 | 1593.4 |
       Dungeon |  14341 |  13757 |    584 |   7200 |   4634 |   9 | 1593.4 |
               +--------+--------+--------+--------+--------+-----+--------+

Top non-repeatable levels by time:
     D:4: 4769 daAuts
     D:7: 2530 daAuts
     D:6: 1715 daAuts
     D:2: 1350 daAuts
     D:5: 1022 daAuts
     D:8: 1012 daAuts
     D:3: 1006 daAuts
     D:1: 923 daAuts
     D:9: 10 daAuts
